 Dungeon Crawl Stone Soup version 0.23-a0-607-g760965b (console) character file.

158 Duffy the Chopper (level 5, 45/45 HPs)
             Began as a Naga Gladiator on Dec 20, 2018.
             Was an Initiate of Cheibriados.
             Quit the game in the Ecumenical Temple.
             The game lasted 00:02:23 (1809 turns).

Duffy the Chopper (Naga Gladiator)                  Turns: 1809, Time: 00:02:23

Health: 45/45      AC:  6    Str: 18    XL:     5   Next: 40%
Magic:  5/5        EV:  9    Int:  9    God:    Cheibriados [......]
Gold:   36         SH:  0    Dex: 14    Spells: 4/4 levels left

rFire    . . .     SeeInvis +   a - +0 war axe
rCold    . . .     Gourm    .   (no shield)
rNeg     . . .     Faith    .   i - +0 ring mail
rPois    +         Spirit   .   c - +0 helmet
rElec    .         Reflect  .   (no cloak)
rCorr    .         Harm     .   g - +0 pair of gloves
MR       .....                  (no barding)
Stlth    +.........             (no amulet)
HPRegen  0.15/turn              (no ring)
MPRegen  0.09/turn              (no ring)

@: very slow
A: large, see invisible, deformed body, poison resistance, slowness 2, slow
metabolism 1, spit poison 1, AC +1
a: Spit Poison, Bend Time, Renounce Religion


You were in the Ecumenical Temple.
You worshipped Cheibriados.
Cheibriados was noncommittal.
You were very hungry.

You visited 2 branches of the dungeon, and saw 5 of its levels.

You collected 36 gold pieces.

Inventory:

Hand Weapons
 a - a +0 war axe (weapon)
Missiles
 d - 3 throwing nets (quivered)
Armour
 c - a +0 helmet (worn)
 g - a +0 pair of gloves (worn)
 i - a +0 ring mail (worn)
Scrolls
 e - 2 scrolls of magic mapping {unknown}
 h - a scroll of teleportation {unknown}
 j - a scroll of blinking {unknown}
Comestibles
 f - 2 rations


   Skills:
 - Level 2.0 Fighting
 + Level 5.9 Axes
 - Level 1.7 Throwing
 - Level 2.4 Dodging


You had 4 spell levels left.
You didn't know any spells.
Your spell library was empty.

Dungeon Overview and Level Annotations

Branches:
Dungeon (4/15)             Temple (1/1) D:4

Altars:
Ashenzari
Cheibriados
Dithmenos
Fedhas
Gozag
Kikubaaqudgha
Okawaru
Qazlal
Ru
Sif Muna
Trog
Uskayaw
Wu Jian
Yredelemnul
The Shining One


Innate Abilities, Weirdness & Mutations

You cannot wear boots.
Your serpentine skin is tough. (AC +1)
You have supernaturally acute eyesight. (SInv)
Armour fits poorly on your strangely shaped body.
Your system is resistant to poisons. (rPois)
You cover ground very slowly.
You have a slow metabolism.
You can spit poison.


Message History

Moving in this stuff is going to be slow.
You enter the shallow water.
Moving in this stuff is going to be slow.
You enter the shallow water.
Moving in this stuff is going to be slow.
Partly explored, can't reach some places.
Partly explored, can't reach some places.
Partly explored, can't reach some places.
Partly explored, can't reach some places.
Partly explored, can't reach some places.
Partly explored, can't reach some places.
Partly explored, can't reach some places.
Partly explored, can't reach some places.
Partly explored, can't reach some places.
Partly explored, can't reach some places.
Partly explored, can't reach some places.
Partly explored, can't reach some places.
Partly explored, can't reach some places.
Partly explored, can't reach some places.
Are you sure you want to abandon this character and quit the game? (Confirm

~~~~~~~~~~~~~~~~~~~~~~~~
~~~~~~~~~~~~~~~~~~~~~~~~~
~~~~~~~~~~~~~~~~~~~~~~~~~
~~~~~~~~~~~~~~~~~~~~~~~~~~~
~~~~~~~~~~~~~~~~~~~~~~~~~~~
~~~~~~~~~~~~~~~~~~~~~~~~~~~~~
~~~~~~~~~~~~~~~~~~~~~~~~~~~~~~
~~~~~~~~~~~~~~~~~~~~~~~~~~~~~~~
~~~~~~~~~~~~~@~~...~.~.~.~.....
~~~~~~~~~~~~~~.............P...
~~~~~~~~~~~~~..................
~~~~~~~~~~~~~.P................
~~~~~~~~~~~..P.<..P.#######....
~~~~~~~~~~........###.....###..
~~~~~~~~~.......###....._...###
~~~~~~~~.......##..._.........#
~~~~~~~~~...7..#.._........_...


There were no monsters in sight!

Vanquished Creatures
  2 orc priests
  An orc wizard (D:3)
  2 adders (D:3)
  2 worms (D:2)
  2 dart slugs (D:2)
  6 orcs
  A giant cockroach (D:4)
  3 goblins
  2 hobgoblins (D:2)
  4 jackals (D:4)
  3 kobolds
  2 quokkas
  3 bats
  2 frilled lizards
  5 rats
40 creatures vanquished.

Notes
Turn   | Place    | Note
-------+----------+-------------------------------------------
     0 | D:1      | Duffy the Naga Gladiator began the quest for the Orb.
     0 | D:1      | Reached XP level 1. HP: 19/19 MP: 1/1
    67 | D:2      | Reached XP level 2. HP: 11/26 MP: 2/2
   330 | D:3      | Reached skill level 4 in Axes
   360 | D:3      | Noticed an orc warrior
   495 | D:2      | Reached XP level 3. HP: 31/32 MP: 3/3
   982 | D:2      | Reached XP level 4. HP: 26/39 MP: 4/4
  1087 | D:3      | Reached skill level 5 in Axes
  1392 | D:3      | Reached XP level 5. HP: 38/45 MP: 5/5
  1540 | D:3      | Found a snail-covered altar of Cheibriados.
  1545 | D:3      | Found an ornate altar of the Wu Jian Council.
  1546 | D:3      | Found an iron altar of Okawaru.
  1546 | D:3      | Found a hide-covered altar of Uskayaw.
  1548 | D:3      | Found a blossoming altar of Fedhas.
  1549 | D:3      | Found a stormy altar of Qazlal.
  1562 | D:3      | Became a worshipper of Cheibriados the Contemplative
  1597 | D:4      | Found a staircase to the Ecumenical Temple.
  1604 | Temple   | Entered the Ecumenical Temple
  1809 | Temple   | Quit the game

Vault maps used:
D:1:      dpeg_arrival_court
D:2:      evilmike_ruin_ashenzari
D:3:      cheibrodos_pilgrimage, minitemple, minmay_misc_feat_square,
          chequers_serial_rivers_room_b, goddamned_bats
D:4:      lemuel_round_altar, minmay_temple_entry_junction_2, serial_shops,
          nicolae_shop_waterfront, shop_statue, first_ration
Temple:   jpeg_temple_island

Skill      XL: |  1  2  3  4 |
---------------+-------------+-----
Axes           | 4 5 |  5.9
Fighting       | |  2.0
Throwing       | |  1.7
Dodging        | |  2.4

Action                   |  1- 3 |  4- 6 || total
-------------------------+-------+-------++-------
Melee: War axe           |    65 |    51 ||   116
 Abil: Spit Poison       |     3 |     3 ||     6
  Eat: Chunk             |       |     1 ||     1
Armor: Leather armour    |    18 |     2 ||    20
       Ring mail         |       |    28 ||    28
Dodge: Dodged            |    38 |    26 ||    64

Table legend:
 A = Non-vault XP
 B = Vault XP
 C = Vault XP percentage of total XP
 D = Non-vault monster count
 E = Vault monster count
 F = Vault count percentage of total count
                 A         B        C        D         E       F
            +---------+---------+-------+---------+---------+-------
      Total |     134 |      93 |  41.0 |      35 |       5 |  12.5
            +---------+---------+-------+---------+---------+-------
        D:1 |       5 |       0 |   0.0 |       3 |       0 |   0.0
        D:2 |      38 |      49 |  56.3 |      16 |       3 |  15.8
        D:3 |      80 |      44 |  35.5 |      10 |       2 |  16.7
        D:4 |      11 |       0 |   0.0 |       6 |       0 |   0.0
            +---------+---------+-------+---------+---------+-------
